 Dungeon Crawl Stone Soup version 0.21-a0-442-g848f44b (webtiles) character file.

3065 DedAF the Arsonist (level 9, -7/48 HPs)
             Began as a Tengu Fire Elementalist on Nov 12, 2017.
             Was a Believer of Vehumet.
             Splashed by Maurice's acid (10 damage)
             ... on level 9 of the Dungeon.
             The game lasted 00:18:55 (8998 turns).

DedAF the Arsonist (Tengu Fire Elementalist)        Turns: 8998, Time: 00:18:56

Health: -7/48      AC:  0    Str:  8    XL:     9   Next: 88%
Magic:  8/16       EV: 19    Int: 16    God:    Vehumet [**....]
Gold:   443        SH:  0    Dex: 18    Spells: 4/17 levels left

rFire    . . .     SeeInvis .   p - +2 dagger (freeze)
rCold    . . .     Gourm    .   (no shield)
rNeg     . . .     Faith    .   a - +0 robe
rPois    .         Spirit   .   (helmet restricted)
rElec    .         Reflect  .   u - +1 cloak
rCorr    .         Harm     .   (no gloves)
MR       .....                  (boots unavailable)
Stlth    ++........             (no amulet)
HPRegen  0.16/turn              (no ring)
MPRegen  0.15/turn              (no ring)

@: corroded
A: beak, talons 3, able to fly 1
a: Fly, Renounce Religion


You were on level 9 of the Dungeon.
You worshipped Vehumet.
Vehumet was pleased with you.
You were not hungry.

You visited 2 branches of the dungeon, and saw 10 of its levels.

You collected 668 gold pieces.
You spent 225 gold pieces at shops.

Inventory:

Hand Weapons
 p - a +2 dagger of freezing (weapon)
 q - a +0 short sword of speed
Armour
 a - a +0 robe (worn)
 c - a +2 robe
 u - a +1 cloak (worn)
 z - a +1 leather armour of magic resistance
Jewellery
 g - a +5 ring of evasion {unknown}
 h - an uncursed ring of flight {unknown}
 w - an uncursed ring of positive energy {unknown}
 D - an uncursed ring of stealth {unknown}
Wands
 d - a wand of enslavement (18/24)
 y - a wand of digging (7/24)
Scrolls
 j - 3 scrolls of enchant weapon
 r - a scroll of teleportation
 C - a scroll of recharging
Potions
 e - a potion of berserk rage
 f - 2 potions of mutation
 i - 2 potions of invisibility
 l - a potion of might {unknown}
 m - 5 potions of curing
 s - 4 potions of magic {unknown}
 v - a potion of degeneration {unknown}
 x - a potion of ambrosia {unknown}
 A - a potion of flight {unknown}
 B - 2 potions of brilliance {unknown}
Books
 b - a book of Flames

   Spells                             Type                      Level
   a - Flame Tongue                   Conjuration/Fire             1
   b - Throw Flame                    Conjuration/Fire             2
   c - Conjure Flame                  Conjuration/Fire             3
   d - Inner Flame                    Hexes/Fire                   3
   e - Sticky Flame                   Conjuration/Fire             4
   f - Fireball                       Conjuration/Fire             5
Comestibles
 o - 4 fruits
 t - 2 royal jellies
 E - a bread ration


   Skills:
 + Level 1.8 Fighting
 - Level 9.0 Dodging
 - Level 2.0 Stealth
 - Level 4.5 Spellcasting
 - Level 7.2 Conjurations
 - Level 9.2 Fire Magic


You had 4 spell levels left.
You knew the following spells:

 Your Spells              Type           Power        Failure   Level  Hunger
a - Flame Tongue          Conj/Fire      ####.        1%          1    None
b - Throw Flame           Conj/Fire      ####..       1%          2    ##.....
c - Conjure Flame         Conj/Fire      ####....     1%          3    ###....
d - Inner Flame           Hex/Fire       ###.....     7%          3    ###....
e - Sticky Flame          Conj/Fire      ####....     5%          4    ####...


Dungeon Overview and Level Annotations

Branches:
Dungeon (9/15)             Temple (1/1) D:4
   Lair: D:8-11         Orc: D:9-12

Altars:
Fedhas
Gozag
Hepliaklqana
Kikubaaqudgha
Makhleb
Nemelex Xobeh
Qazlal
Sif Muna
Trog
Uskayaw
Vehumet
Wu Jian
Xom
Zin

Shops:
D:4 *   D:7 }([

Annotations:
D:6 2 transporters
D:9 Maurice


Innate Abilities, Weirdness & Mutations

You have a beak for a mouth.
You have claws for feet.
You can fly.


Message History

Casting: Flame Tongue
Confirm with . or Enter, or press ? or * to list all spells.
Aiming: Sticky Flame
Press: ? - help, Shift-Dir - straight line, f/p - Maurice
Aim: Maurice, wielding a short sword, wearing a glowing cloak and carrying a wand of acid (?/15) {zapped: 1} (moderately wounded)
The sticky flame hits Maurice.
Maurice is heavily wounded.
Maurice is covered in liquid flames!
Maurice burns!
Maurice mumbles some strange words.
Maurice puts on a burst of speed!
Casting: Sticky Flame
Confirm with . or Enter, or press ? or * to list all spells.
Aiming: Flame Tongue
Press: ? - help, Shift-Dir - straight line, f/p - Maurice
Aim: Maurice, wielding a short sword, wearing a glowing cloak and carrying a wand of acid (?/15) {zapped: 1} (heavily wounded, covered in liquid flames, covering ground quickly)
The flame tongue misses Maurice.
Maurice burns!
Maurice zaps a wand.
The bolt of acid hits you!
* * * LOW HITPOINT WARNING * * *
The acid corrodes you!
You are splashed with acid!
The acid burns!
You die...

#.#.# #.# ##... ?...
#.#.#.#.#.#
.#######.[........
........#.#.#.#.#.
..##..........
#.#.#.#.#.#.#.
##.##..........
#.@@..#.#.#.#.#.
#.######.#.#..........
#.....[....#..#.#.#.#.
.........#.#.#.......
#..........#...#(#.#
#.##########.#..... .
#.# .# # .#


You could see Maurice (burning).

Vanquished Creatures
  Erica (D:8)
  A hungry ghost (D:8)
  An orc warrior (D:8)
  6 sky beasts
  A black bear (D:8)
  2 ogres (D:4)
  3 bullfrogs
  2 wyvern zombies
  2 scorpions
  A water moccasin zombie (D:5)
  A howler monkey (D:4)
  3 crimson imps
  A bullfrog zombie (D:5)
  A quasit (D:7)
  2 orc priests
  A bullfrog skeleton (D:4)
  A hound (D:4)
  A jelly (D:5)
  A gnoll shaman (D:8)
  4 orc wizards
  5 worker ants
  A killer bee zombie (D:8)
  A hound zombie (D:6)
  A hound skeleton (D:6)
  7 gnolls
  7 adders
  A shadow imp (D:7)
  3 adder skeletons
  3 dart slugs
  2 leopard geckos
  33 orcs
  6 giant cockroaches
  10 hobgoblins
  9 jackals
  4 quokkas
  5 ball pythons
  7 bats
  9 frilled lizards
  8 goblins
  4 kobolds
  A quokka zombie (D:7)
  A rat (D:2)
164 creatures vanquished.

Notes
Turn   | Place    | Note
-------+----------+-------------------------------------------
     0 | D:1      | DedAF the Tengu Fire Elementalist began the quest for the Orb.
     0 | D:1      | Reached XP level 1. HP: 10/10 MP: 4/4
   244 | D:1      | Reached XP level 2. HP: 15/15 MP: 4/6
   250 | D:1      | Learned a level 2 spell: Throw Flame
   615 | D:1      | You fall through a shaft!
   750 | D:2      | Reached XP level 3. HP: 17/19 MP: 7/7
   765 | D:2      | Learned a level 3 spell: Conjure Flame
  1706 | D:3      | Reached skill level 5 in Conjurations
  1706 | D:3      | Reached XP level 4. HP: 18/24 MP: 0/8
  2033 | D:3      | Gained mutation: You can fly. [Tengu growth]
  2033 | D:3      | Reached XP level 5. HP: 12/28 MP: 5/10
  3127 | D:4      | Noticed a hand axe
  3127 | D:4      | Noticed a hand axe
  3128 | D:4      | Found a hide-covered altar of Uskayaw.
  3144 | D:4      | Learned a level 3 spell: Inner Flame
  3159 | D:4      | Reached XP level 6. HP: 32/32 MP: 1/13
  3309 | D:3      | Learned a level 4 spell: Sticky Flame
  3335 | D:4      | Noticed a sky beast
  3355 | D:4      | Killed a sky beast
  3778 | D:4      | Found a staircase to the Ecumenical Temple.
  3786 | D:4      | Reached skill level 5 in Fire Magic
  3788 | Temple   | Entered the Ecumenical Temple
  3902 | Temple   | Became a worshipper of Vehumet
  4105 | D:4      | Found a hazy altar of Hepliaklqana.
  4121 | D:4      | Reached XP level 7. HP: 36/36 MP: 10/14
  4223 | D:4      | Found a bloodstained altar of Trog.
  4381 | D:4      | Found a sparkling altar of Nemelex Xobeh.
  4648 | D:4      | You fall through a shaft for 3 floors!
  4650 | D:7      | Found Uhusihoo's Armour Boutique.
  4976 | D:6      | Found a transporter.
  5043 | D:6      | Found a sparkling altar of Nemelex Xobeh.
  5214 | D:5      | Entered Level 5 of the Dungeon
  5218 | D:5      | Reached XP level 8. HP: 26/41 MP: 10/15
  5244 | D:5      | Reached skill level 5 in Dodging
  5461 | D:4      | Found Giuc's Assorted Antiques.
  5828 | D:5      | Reached * piety under Vehumet
  5828 | D:5      | Offered knowledge of Sandblast by Vehumet.
  6376 | D:5      | HP: 1/41 [gnoll/spear (6)]
  6741 | D:5      | Found a shimmering altar of Xom.
  6935 | D:6      | Found a transporter.
  7274 | D:7      | HP: 2/41 [orc (2)]
  7611 | D:7      | Found Guhuyrr's Antique Weapon Shop.
  7630 | D:7      | Found Qaasihod's Gadget Shop.
  7667 | D:7      | Bought a brightly glowing whip for 225 gold pieces
  7737 | D:7      | Reached XP level 9. HP: 45/45 MP: 10/16
  8047 | D:8      | Reached ** piety under Vehumet
  8047 | D:8      | Offered knowledge of Sting by Vehumet.
  8421 | D:8      | Identified the +9 whip "Jerob" {antimagic, rElec rF+} (You bought it in a shop on level 7 of the Dungeon)
  8445 | D:8      | Noticed Erica
  8458 | D:8      | Killed Erica
  8761 | D:8      | Reached skill level 1 in Fighting
  8920 | D:9      | Noticed Maurice
  8998 | D:9      | Splashed by Maurice's acid

Vault maps used:
D:1:      minmay_arrival_jagged
D:2:      first_bread
D:4:      dancing_weapons_uskayaw, overflow_temple_1_default,
          nemelex_altar_shiori, overflow_temple_1_default,
          minmay_temple_entry_trees, serial_shops, shop_fountains,
          nicolae_underground_beach
D:5:      tgw_xom, kennysheep_generic_room_7
D:6:      gammafunk_steamed_eel, minmay_misc_feat_plants,
          nemelex_spade_bored_becter
D:7:      serial_shops, shop, kennysheep_mini_moat, shop
D:8:      kennysheep_six_static_rooms, the_bakery, kennysheep_generic_room_11,
          uniq_erica
D:9:      nicolae_ru_sacrificial_ziggurat, serial_shops, shop, hex_large,
          minivault_1, uniq_prince_ribbit1, uniq_maurice
Temple:   regret_index_temple_sphere_string

Skill      XL: |  1  2  3  4  5  6  7  8  9 |
---------------+----------------------------+-----
Conjurations   | 2 3 5 7 |  7.2
Spellcasting   | 3 4 |  4.5
Fire Magic     | 5 9 |  9.2
Dodging        | 4 8 9 |  9.0
Fighting       | 1 |  1.8
Stealth        | |  2.0

Action                   |  1- 3 |  4- 6 |  7- 9 || total
-------------------------+-------+-------+-------++-------
Melee: Unarmed           |     5 |       |       ||     5
       Peck              |     5 |     6 |    24 ||    35
       Dagger            |    26 |    43 |   177 ||   246
       Kick              |     2 |     7 |    43 ||    52
 Cast: Flame Tongue      |    30 |    84 |    45 ||   159
       Throw Flame       |     4 |    16 |    10 ||    30
       Conjure Flame     |       |     2 |     3 ||     5
       Sticky Flame      |       |       |    55 ||    55
  Use: Scroll            |     6 |     5 |     2 ||    13
       Potion            |       |     3 |     3 ||     6
 Stab: Sleeping          |     2 |     2 |       ||     4
  Eat: Chunk             |     2 |    10 |    10 ||    22
       Bread ration      |       |       |     2 ||     2
       Meat ration       |       |       |     1 ||     1
       Royal jelly       |       |       |     1 ||     1
       Fruit             |       |       |     1 ||     1
Armor: Robe              |     5 |     8 |    45 ||    58
Dodge: Dodged            |    21 |    62 |   230 ||   313

Table legend:
 A = Spawn XP
 B = Non-spawn XP
 C = Spawn XP percentage of total XP
 D = Spawn monster count
 E = Non-spawn monster count
 F = Spawn count percentage of total count
 G = Total turns spent on level
                    A         B        C        D         E        F      G
               +---------+---------+-------+---------+---------+-------+---------
         Total |       0 |    4379 |   0.0 |       0 |     164 |   0.0 |  8998
               +---------+---------+-------+---------+---------+-------+---------
           D:1 |       0 |      29 |   0.0 |       0 |      18 |   0.0 |   784
           D:2 |       0 |      23 |   0.0 |       0 |      14 |   0.0 |   986
           D:3 |       0 |     223 |   0.0 |       0 |      32 |   0.0 |  1513
           D:4 |       0 |     651 |   0.0 |       0 |      28 |   0.0 |  1718
           D:5 |       0 |     604 |   0.0 |       0 |      24 |   0.0 |  1107
           D:6 |       0 |     337 |   0.0 |       0 |      12 |   0.0 |  1014
           D:7 |       0 |     497 |   0.0 |       0 |      14 |   0.0 |   695
           D:8 |       0 |    2012 |   0.0 |       0 |      21 |   0.0 |  1008
           D:9 |       0 |       3 |   0.0 |       0 |       1 |   0.0 |    33
               +---------+---------+-------+---------+---------+-------+---------
